 Dungeon Crawl Stone Soup version 0.28-a0-476-g0f06bd746f (webtiles) character file.

Game seed: 6687327286441472548

1215 snetch the Magician (level 8, -8/51 HPs)
             Began as a Djinni Fire Elementalist on Sept 16, 2021.
             Was a Priest of Jiyva.
             Mangled by Duvessa (11 damage)
             ... on level 6 of the Dungeon.
             The game lasted 00:20:50 (7165 turns).

snetch the Magician (Djinni Fire Elementalist)      Turns: 7165, Time: 00:20:51

Health: -8/51      AC:  4    Str:  7      XL:     8   Next: 75%
Gold:   149        EV: 12    Int: 23 (24) God:    Jiyva [***...] SH:  0 Dex: 12 (13)

rFire   + + .      SeeInvis .   (no weapon)
rCold   x . .      Faith    .   (no shield)
rNeg    . . .      Spirit   .   q - +2 robe "Pehec" {rElec Int+4}
rPois   ∞          Reflect  .   (no helmet)
rElec   +          Harm     .   (no cloak)
rCorr   +          Rampage  .   (no gloves)
Will    .....                   (boots unavailable)
Stlth   ++........              (no amulet)
HPRegen 0.17/turn               (no ring)
MPRegen 0.00/turn               (no ring)

@: flying
A: sickness immunity, fire resistance 2, cold vulnerability 1, float, innate
caster, hp casting, extra vitality 1, deterioration 1
a: Renounce Religion, Request Jelly


You were on level 6 of the Dungeon.
You worshipped Jiyva.
Jiyva was most pleased with you.
You visited 2 branches of the dungeon, and saw 8 of its levels.

You collected 149 gold pieces.

Inventory:

Missiles
 a - 2 throwing nets
 g - 87 stones
 h - 24 arrows
 j - 29 bolts
 m - 5 silver boomerangs
 r - 11 poisoned darts
 v - 19 sling bullets
Armour
 i - a +0 leather armour
 n - a +0 scale mail
 q - the +2 robe "Pehec" (worn) {rElec Int+4}
   (You found it on level 5 of the Dungeon)

   Int:       It affects your intelligence (+4).
   rElec:     It insulates you from electricity.
 u - a +0 ring mail
Scrolls
 b - 3 scrolls of teleportation {unknown}
 c - 3 scrolls of enchant weapon {unknown}
 f - 2 scrolls of amnesia {unknown}
 k - a scroll of magic mapping {unknown}
 l - a scroll of blinking {unknown}
 o - a scroll of vulnerability {unknown}
 s - a scroll of immolation {unknown}
Potions
 d - 3 potions of curing {unknown}
 e - a potion of lignification {unknown}
 p - a potion of flight {unknown}
 t - a potion of haste {unknown}


   Skills:
 + Level 0.6 Fighting
 + Level 3.4 Armour
 + Level 3.2 Dodging
 + Level 3.0 Stealth
 + Level 6.8 Spellcasting


You had 2 spell levels left.
You knew the following spells:

 Your Spells              Type           Power      Damage    Failure   Level
a - Foxfire               Conj/Fire      100%       2x1d9     1%          1
b - Scorch                Fire           78%        2d8       1%          2
c - Conjure Flame         Conj/Fire      39%        6-21      1%          3
d - Inner Flame           Hex/Fire       39%        N/A       1%          3
e - Flame Wave            Conj/Fire      39%        3d8       4%          4
f - Sandblast             Erth           78%        2d17      1%          1
g - Slow                  Hex            39%        N/A       1%          2
h - Ensorcelled Hibernat  Hex/Ice        78%        N/A       1%          2
Your spell library was empty.

Dungeon Overview and Level Annotations

Branches:
Dungeon (7/15)             Temple (1/1) D:5

Altars:
Ashenzari
Cheibriados
Dithmenos
Elyvilon
Fedhas
Gozag
Hepliaklqana
Kikubaaqudgha
Makhleb
Nemelex Xobeh
Okawaru
Ru
Sif Muna
Trog
Uskayaw
Vehumet
Wu Jian
Xom
Yredelemnul
Zin
The Shining One
Jiyva

Shops:
D:1 =

Annotations:
D:6 Duvessa


Innate Abilities, Weirdness & Mutations

You are immune to sickness and miasma.
You are immune to poison.
Your flesh is very heat resistant. (rF++)
You are vulnerable to cold. (rC-)
You float through the air rather than walking.
You learn spells naturally, not from books.
Your magical power is your life essence.
You have superior vitality. (+4 HP)
Your body sometimes deteriorates upon taking damage.


Message History

Dowan casts a spell.
Dowan blinks!
There is a stone staircase leading down here.
Casting: Scorch (safe; 1% risk of failure)
Confirm with . or Enter, or press ? or * to list all spells.
Flames lash the orc.
You kill the orc!
Duvessa says, "When magic and the sword combine, nothing stands against them."
Duvessa hits you with a +0 short sword.
Your body deteriorates!
You feel clumsy.
Casting: Scorch (safe; 1% risk of failure)
Confirm with . or Enter, or press ? or * to list all spells.
Okay, then.
Duvessa barely misses you.
Unknown command.
Casting: Scorch (safe; 1% risk of failure)
Confirm with . or Enter, or press ? or * to list all spells.
Flames lash Dowan.
Dowan is heavily wounded.
Dowan's fire resistance burns away.
Duvessa hits you with a +0 short sword!
You hear a slurping noise.
Jiyva appreciates your sacrifice. Jiyva alters your body.
You feel as though nothing has changed.
The jelly hits Dowan.
Dowan is splashed with acid!
The acid corrodes Dowan!
Casting: Scorch (safe; 1% risk of failure)
Confirm with . or Enter, or press ? or * to list all spells.
Flames lash Duvessa.
Duvessa is lightly wounded.
Duvessa's fire resistance burns away.
Duvessa hits you with a +0 short sword!
Dowan hits the jelly with a +0 dagger.
Dowan is burned by acid!
The jelly misses Dowan.
Casting: Scorch (safe; 1% risk of failure)
Confirm with . or Enter, or press ? or * to list all spells.
Flames lash Dowan.
Dowan is burned terribly!
You kill Dowan!
Duvessa screams in rage.
Duvessa goes berserk!
Duvessa hits you with a +0 short sword!
* * * LOW HITPOINT WARNING * * *
Duvessa hits you with a +0 short sword!
You die...

### ..# ≈.## ≈..#
≈..#
≈..###############
≈..............e@#
≈..#############J#
≈..#############)####
≈..##..........#....#
≈.###..........####e#
..# #..........####.#
#####..........##))e#
...............##o###
...............##.


You could see Duvessa (berserk, combustible) and a neutral jelly (wandering)
(fellow slime).

Vanquished Creatures
  Edmund (D:4)
  A water moccasin (D:3)
  A sky beast (D:5)
  An ice beast (D:6)
  3 ogres
  Blork the orc (D:4)
  A scorpion (D:5)
  Dowan (D:6)
  A bullfrog zombie (D:3)
  2 hounds
  2 orc priests
  A gnoll shaman (D:4)
  3 orc wizards
  8 adders
  11 gnolls
  A dart slug (D:3)
  8 orcs
  5 ball pythons
  5 bats
  A goblin (D:1)
  4 hobgoblins
  4 jackals
  3 kobolds
  4 frilled lizards
  2 rats
75 creatures vanquished.

Vanquished Creatures (others)
  A centaur (D:3)
  A hound (D:5)
  5 jellies
  Ijyb (D:4)
  An orc wizard (D:5)
  4 adders
  2 orcs (D:5)
  4 ball pythons
  5 endoplasms
  A goblin (D:3)
  3 hobgoblins
  2 quokkas (D:2)
  A bat (D:2)
  A frilled lizard (D:1)
  A kobold (D:3)
  6 rats
  276 foxfires
  26 plants (D:5)
341 creatures vanquished.

Grand Total: 416 creatures vanquished

Notes
Turn   | Place    | Note
-------+----------+-------------------------------------------
     0 | D:1      | snetch the Djinni Fire Elementalist began the quest for the
                  | Orb.
     0 | D:1      | Reached XP level 1. HP: 15/15 MP: 0/0
   235 | D:1      | Found Nulam's Jewellery Shoppe.
   253 | D:2      | Reached XP level 2. HP: 10/21 MP: 0/0
   413 | D:1      | Found a faded altar of an unknown god.
   441 | D:1      | Became a worshipper of Jiyva Jawahito the Shapeless
   441 | D:1      | Reached * piety under Jiyva
   596 | D:1      | Reached skill level 3 in Spellcasting
   597 | D:1      | Reached XP level 3. HP: 23/25 MP: 0/0
   597 | D:1      | Learned a level 1 spell: Sandblast
   758 | D:2      | Reached XP level 4. HP: 9/31 MP: 0/0
  1815 | D:2      | Found a burning altar of Makhleb.
  2194 | D:3      | Reached XP level 5. HP: 27/35 MP: 0/0
  2194 | D:3      | Learned a level 2 spell: Slow
  2201 | D:3      | Reached skill level 4 in Spellcasting
  2349 | D:3      | Noticed a centaur
  2362 | D:3      | Reached ** piety under Jiyva
  2584 | D:3      | Killed a centaur
  2705 | D:3      | Noticed a water moccasin
  2716 | D:3      | Killed a water moccasin
  2717 | D:3      | Reached skill level 1 in Armour
  2717 | D:3      | Reached XP level 6. HP: 19/40 MP: 0/0
  3258 | D:4      | Noticed an ogre
  3266 | D:4      | Killed an ogre
  3267 | D:4      | Reached skill level 5 in Spellcasting
  3701 | D:4      | Noticed Edmund
  3724 | D:4      | Killed Edmund
  3725 | D:4      | Reached XP level 7. HP: 10/45 MP: 0/0
  3725 | D:4      | Learned a level 2 spell: Ensorcelled Hibernation
  4467 | D:4      | Killed Ijyb
  4469 | D:4      | Reached *** piety under Jiyva
  4517 | D:4      | Noticed Blork the orc
  4527 | D:4      | Killed Blork the orc
  4754 | D:5      | Entered Level 5 of the Dungeon
  4759 | D:5      | Identified the +2 robe "Pehec" {rElec Int+4}
  4770 | D:5      | Gained mutation: Your body sometimes deteriorates upon
                  | taking damage. [Jiyva's grace]
  5000 | D:4      | Reached XP level 8. HP: 35/50 MP: 0/0
  5193 | D:4      | Found a sacrificial altar of Ru.
  5335 | D:5      | Reached skill level 6 in Spellcasting
  6145 | D:5      | Found a staircase to the Ecumenical Temple.
  6355 | Temple   | Entered the Ecumenical Temple
  6990 | D:7      | Found a shadowy altar of Dithmenos.
  7023 | D:6      | Noticed Duvessa
  7026 | D:6      | Noticed Dowan
  7165 | D:6      | Killed Dowan
  7165 | D:6      | Mangled by Duvessa

Illustrated notes

Levels and vault maps discovered:
D:1:      mrwooster_arrival_arrow, layout_basic, serial_shops,
          nicolae_shop_stone, chequers_ecumenical_altar_island
D:2:      layout_loops_ring, basic_altar, minmay_indecisive_spiral
D:3:      layout_loops_cross, moated_statue
D:4:      layout_loops_ring, nicolae_ru_path_of_blood,
          chequers_serial_rivers_micro_e, uniq_blork_the_orc, uniq_edmund,
          uniq_ijyb
D:5:      layout_loops_ring, minmay_temple_entry_nine_rooms, serial_bayou_pond_c
D:6:      layout_basic, mainiacjoe_overflow_concentric_impassable, uniq_duvessa
D:7:      layout_basic, nicolae_dithmenos_through_a_glass_darkly
Temple:   dpeg_five_rooms_temple

Skill      XL: |  1  2  3  4  5  6  7  8 |
---------------+-------------------------+-----
Spellcasting   | 3 4 5 6 |  6.8
Stealth        | 2 3 |  3.0
Armour         | 1 2 3 |  3.4
Dodging        | 3 |  3.2
Fighting       | |  0.6

Action                   |  1- 3 |  4- 6 |  7- 9 || total
-------------------------+-------+-------+-------++-------
Melee: Unarmed           |       |     1 |       ||     1
 Cast: Foxfire           |    30 |    40 |    94 ||   164
       Scorch            |     3 |    28 |    12 ||    43
Invok: Request Jelly     |       |       |     2 ||     2
Armor: Robe              |     2 |       |       ||     2
       Leather armour    |       |     3 |     4 ||     7
Dodge: Dodged            |     5 |    22 |    19 ||    46

Table legend: (Time is in decaauts)
 A = Elapsed time spent in this place.
 B = Non-inter-level travel time spent in this place.
 C = Inter-level travel time spent in this place.
 D = Time resting spent in this place.
 E = Time spent auto-exploring this place.
 F = Levels seen in this place.
 G = Mean time per level.
                   A        B        C        D        E       F      G
               +--------+--------+--------+--------+--------+-----+--------+
         Total |   7181 |   6767 |    414 |    571 |   4937 |   8 |  897.6 |
       Dungeon |   6901 |   6532 |    369 |    571 |   4717 |   7 |  985.9 |
        Temple |    279 |    234 |     45 |      0 |    220 |   1 |  279.0 |
               +--------+--------+--------+--------+--------+-----+--------+

Top non-repeatable levels by time:
     D:3: 1774 daAuts
     D:4: 1365 daAuts
     D:1: 1309 daAuts
     D:5: 1145 daAuts
     D:2: 842 daAuts
     D:6: 318 daAuts
  Temple: 279 daAuts
     D:7: 146 daAuts
